 Dungeon Crawl Stone Soup version 0.30-a0-377-g5cb311bc9f (webtiles) character file.

Game seed: 7035256339911980483

32 bande the Trooper (level 3, 0/24 HPs)
             Began as a Gargoyle Fighter on Nov 29, 2022.
             Slain by Jessica
             ... wielding a +4 club
              (5 damage)
             ... on level 2 of the Dungeon.
             The game lasted 00:02:21 (1081 turns).

bande the Trooper (Gargoyle Fighter)                Turns: 1081, Time: 00:02:22

Health: 0/24       AC: 11    Str: 19    XL:     3   Next: 25%
Magic:  3/3        EV:  9    Int:  8    God:
Gold:   110        SH:  4    Dex: 11    Spells: 2/2 levels left

rFire   . . .      SeeInvis .    a - +0 war axe
rCold   . . .      Faith    .    c - +0 buckler
rNeg    + . .      Spirit   .    b - +0 scale mail
rPois   ∞          Reflect  .    m - +0 helmet
rElec   +          Harm     .    (no cloak)
rCorr   .          Rampage  .    (no gloves)
Will    .....                    (no boots)
Stlth   ..........               h - amulet of regeneration
HPRegen 1.04/turn                (no ring)
MPRegen 0.08/turn                (no ring)

@: no status effects
A: sickness immunity, AC +3, negative energy resistance 1, electricity
resistance, torment resistance 1, petrification resistance
a: no special abilities


You were on level 2 of the Dungeon.
You visited 1 branch of the dungeon, and saw 2 of its levels.

You collected 110 gold pieces.

Inventory:

Hand Weapons
 a - a +0 war axe (weapon)
 i - a +0 war axe
Armour
 b - a +0 scale mail (worn)
 c - a +0 buckler (worn)
 m - a +0 helmet (worn)
Jewellery
 h - an amulet of regeneration (around neck)
 k - a ring of wizardry
Potions
 d - a potion of might
 e - a potion of mutation
 f - a potion of brilliance {unknown}
 g - a potion of curing
 j - a potion of magic
 l - a potion of attraction {unknown}


   Skills:
 + Level 3.7 Fighting
 + Level 2.2 Axes
 + Level 3.7 Armour
 + Level 3.6 Shields


You had 2 spell levels left.
You didn't know any spells.
Your spell library was empty.

Dungeon Overview and Level Annotations

Branches:
Dungeon (2/15)

Altars:

Shops:
D:2 [

Annotations:
D:2 Jessica


Innate Abilities, Weirdness & Mutations

You are immune to sickness and miasma.
Your stone body is resilient. (AC +3)
You are immune to poison.
You resist negative energy. (rN+)
You are resistant to electric shocks. (rElec)
You are resistant to unholy torment.
You are immune to petrification.


Message History

The quokka barely misses you. x2
You miss the quokka.
The quokka is almost dead.
You barely miss something. Something hits you but does no damage.
The quokka bites you but does no damage.
Something hits you.
You completely miss the quokka.
The quokka is almost dead.
You miss something.
The quokka bites you but does no damage. x2
You hear some strange, mumbled words.
Something tries to affect you, but you resist.
You closely miss the quokka.
The quokka is almost dead.
You miss something.
The quokka bites you but does no damage.
Something hits you but does no damage. The quokka barely misses you.
You slash the quokka!
You kill the quokka!
You barely miss something. Something hits you. x2
No target in view!
No target in view!
No target in view!
No target in view!
No target in view!
No target in view!
Something hits you.
You hear some strange, mumbled words.
You barely miss something. Something hits you.
You miss something. Something hits you. x2
You barely miss something. Something hits you.
You miss something. You block something's attack.
You hear some strange, mumbled words.
Pain shoots through your body!
You closely miss something. Something hits you.
* * * LOW HITPOINT WARNING * * *
You hit something. Something hits you.
* * * LOW HITPOINT WARNING * * *
Something hits you.
You die...

......# #..........#
.....## ##..........#
......# ##...........#
......# ##............#
......# #.......(.....#
......#####)#..#####....#
..............##.:!##..##
.....>.#####..#.....#..#
....##.## #..'.@...#..#
.#.###.>####..#.{...#..#
.#.# ##...##..##?..##.)#
...# ###..##(.#####..##
.### ##..##....(..## .#
##.........## ##
####..##..# ############
##..#.## ...........#
##.#.#


There were no monsters in sight!

Vanquished Creatures
  3 dart slugs
  5 ball pythons
  A bat (D:1)
  4 endoplasms
  A goblin (D:2)
  3 hobgoblins
  2 quokkas
  A frilled lizard (D:1)
  A kobold (D:1)
  2 rats
23 creatures vanquished.

Vanquished Creatures (others)
  2 plants (D:2)
2 creatures vanquished.

Grand Total: 25 creatures vanquished

Notes
Turn   | Place    | Note
-------+----------+-------------------------------------------
     0 | D:1      | bande the Gargoyle Fighter began the quest for the Orb.
     0 | D:1      | Reached XP level 1. HP: 14/14 MP: 1/1
   342 | D:1      | Reached XP level 2. HP: 16/19 MP: 2/2
   770 | D:2      | Reached XP level 3. HP: 22/24 MP: 3/3
   789 | D:2      | Found a faded altar of an unknown god.
   974 | D:2      | Found Tato's Armour Boutique.
  1065 | D:2      | Noticed Jessica
  1081 | D:2      | Slain by Jessica

Illustrated notes

Levels and vault maps discovered:
D:1:      dpeg_arrival_windows_large_door, layout_loops_cross,
          minmay_tromino_v4_c
D:2:      layout_rooms, serial_glass, glass_columns_a, glass_columns_b,
          serial_shops, shop, chequers_ecumenical_altar_lobes,
          kennysheep_jessica_study

Skill      XL: |  1  2 |
---------------+-------+-----
Axes           | 2 |  2.2
Fighting       | |  3.7
Armour         | |  3.7
Shields        | |  3.6

Action                   || total
-------------------------++-------
Melee: War axe           ||    73
  Use: Scroll            ||     6
Armor: Scale mail        ||    36
Dodge: Dodged            ||    34
Block: Buckler           ||    14

Table legend: (Time is in decaauts)
 A = Elapsed time spent in this place.
 B = Non-inter-level travel time spent in this place.
 C = Inter-level travel time spent in this place.
 D = Time resting spent in this place.
 E = Time spent auto-exploring this place.
 F = Levels seen in this place.
 G = Mean time per level.
                   A        B        C        D        E       F      G
               +--------+--------+--------+--------+--------+-----+--------+
         Total |   1113 |   1075 |     38 |      0 |    826 |   2 |  556.5 |
       Dungeon |   1113 |   1075 |     38 |      0 |    826 |   2 |  556.5 |
               +--------+--------+--------+--------+--------+-----+--------+

Top non-repeatable levels by time:
     D:1: 713 daAuts
     D:2: 399 daAuts
